 Dungeon Crawl Stone Soup version 0.28-a0-691-gad6df49e81 (webtiles) character file.

Game seed: 7674376437157762335

0 meatgazer the Skirmisher (level 1, -3/14 HPs)
             Began as a Demonspawn Abyssal Knight on Oct 20, 2021.
             Was a Follower of Lugonu.
             Killed from afar by a starcursed mass (11 damage)
             ... with an accursed screaming
             ... on level 3 of the Abyss.
             The game lasted 00:00:31 (531 turns).

meatgazer the Skirmisher (Demonspawn Abyssal Knight) Turns: 531, Time: 00:00:32

Health: -3/14      AC:  3    Str: 13      XL:     1   Next: 0%
Magic:  2/2        EV: 11    Int: 11      God:    Lugonu [*.....]
Gold:   0          SH:  0    Dex: 12 (13) Spells: 0/0 levels left

rFire   . . .      SeeInvis .   a - +1 falchion
rCold   . . .      Faith    .   (no shield)
rNeg    . . .      Spirit   .   b - +0 leather armour
rPois   .          Reflect  .   (no helmet)
rElec   .          Harm     .   (no cloak)
rCorr   .          Rampage  .   (no gloves)
Will    .....                   (no boots)
Stlth   +.........              (no amulet)
HPRegen 0.04/turn               (no ring)
MPRegen 0.08/turn               (no ring)

@: no status effects
A: [deterioration 2], [frail 2], [subdued magic 2]
a: Renounce Religion, Depart the Abyss


You were on level 3 of the Abyss.
You worshipped Lugonu.
Lugonu was aware of your devotion.
You visited 0 branches of the dungeon, and saw 0 of its levels.
You visited the Abyss 1 time.

Inventory:

Hand Weapons
 a - a +1 falchion (weapon)
Armour
 b - a +0 leather armour (worn)
Jewellery
 c - a ring of protection from cold


   Skills:
 + Level 3.0 Fighting
 + Level 1.7 Long Blades
 + Level 1.7 Armour
 + Level 0.8 Dodging
 + Level 2.4 Invocations


You couldn't memorise any spells.
You didn't know any spells.
Your spell library was empty.

Dungeon Overview and Level Annotations

Branches:
Dungeon (0/15)

Altars:


Innate Abilities, Weirdness & Mutations

[Your body often deteriorates upon taking damage.]
[You are very frail. (-20% HP)]
[Your spells are easier to cast, but less powerful.]


Message History

Found a gateway leading deeper into the Abyss.
There is a gateway leading deeper into the Abyss here.
You plunge deeper into the Abyss.
Found a gateway leading deeper into the Abyss.
Found a corrupted altar of Lugonu.
There is a gateway leading deeper into the Abyss here.
You plunge deeper into the Abyss.
The abyssal rune of Zot can be found at this depth.
A tentacled starspawn comes into view.
Tentacles burst from the starspawn's body! 2 starspawn tentacles come into view.
There is an empty arch of ancient stone here.
You open the door.
A tentacled starspawn, 2 starcursed masses and a wretched star come into view.
The starspawn tentacle grabs you. The starspawn tentacle constricts you.
A starcursed mass splits.
You escape the starspawn tentacle's grasp.
The wretched star pulses with an eldritch light!
You feel yourself wasting away.
You feel your body start to fall apart.
A starcursed mass splits.
A starspawn tentacle comes into view.
The wretched star pulses with an eldritch light!
You feel frail. x2; Your connection to magic feels subdued.
Your connection to magic feels more subdued.
A starcursed mass splits.
A chorus of shrieks assaults your mind.
Your body deteriorates!
You feel clumsy.
Found 36 gold pieces.
A starcursed mass splits.
A starcursed mass splits. x2
A starcursed mass splits. x2
Why would you want to do that?
A starspawn tentacle comes into view.
You enter the shallow water.
Moving in this stuff is going to be slow.
A tentacle flies out from the starspawn's body!
A starcursed mass splits.
A starspawn tentacle comes into view.
A deafening chorus of shrieks assaults your mind!
Ouch! That really hurt!
You die...

......≈≈≈. . #
#.....≈≈≈#.#
#.#......#≈#.#
##.......≈≈.... ..
#........≈≈#.. . .
.........≈≈#.# ..#
.........≈≈#.##.. #.
#..$.@≈≈≈.........
.#.....≈≈≈#.........
#....≈≈≈≈≈#.##..##..#
#.#≈.≈≈≈≈X............
...≈≈.≈≈≈..w...X..#....
.##≈≈≈≈≈≈.X│X........
..
..######.X.\X#w....#..
## #...#─X.......#.
.X##X#.##..#...


You could see 5 starcursed masses, a tentacled starspawn and a starspawn
tentacle.

Vanquished Creatures (others)
  5 starspawn tentacles (Abyss:3)
5 creatures vanquished.

Notes
Turn   | Place    | Note
-------+----------+-------------------------------------------
     0 | Abyss:1  | meatgazer the Demonspawn Abyssal Knight began the quest for
                  | the Orb.
     0 | Abyss:1  | Reached XP level 1. HP: 18/18 MP: 2/2
    51 | Abyss:1  | Noticed a daeva
   481 | Abyss:1  | Noticed a small abomination
   507 | Abyss:2  | Found a corrupted altar of Lugonu.
   514 | Abyss:3  | Noticed a tentacled starspawn
   516 | Abyss:3  | Noticed a starcursed mass
   516 | Abyss:3  | Noticed a tentacled starspawn
   516 | Abyss:3  | Noticed a starcursed mass
   516 | Abyss:3  | Noticed a wretched star
   531 | Abyss:3  | Killed from afar by a starcursed mass

Illustrated notes

Levels and vault maps discovered:
Abyss:3:  base: Temple, nicolae_abyss_rune_star_stuff,
          guppyfry_abyss_exit_glass_guarded

Table legend: (Time is in decaauts)
 A = Elapsed time spent in this place.
 B = Non-inter-level travel time spent in this place.
 C = Inter-level travel time spent in this place.
 D = Time resting spent in this place.
 E = Time spent auto-exploring this place.
 F = Levels seen in this place.
 G = Mean time per level.
                   A        B        C        D        E       F      G
               +--------+--------+--------+--------+--------+-----+--------+
         Total |    531 |    531 |      0 |    360 |    123 |   3 |  177.0 |
         Abyss |    531 |    531 |      0 |    360 |    123 |   3 |  177.0 |
               +--------+--------+--------+--------+--------+-----+--------+

Top non-repeatable levels by time:
 Abyss:1: 504 daAuts
 Abyss:3: 20 daAuts
 Abyss:2: 7 daAuts
